 Dungeon Crawl Stone Soup version 0.24-a0-784-g601f8f6d22 (webtiles) character file.

Game seed: 6426403369403805515, levelgen mode: deterministic

72612 Kohma the Executioner (level 15, -18/133 HPs)
             Began as a Hill Orc Berserker on Oct 9, 2019.
             Was a High Priest of Trog.
             Demolished by a stone giant (30 damage)
             ... on level 1 of the Orcish Mines.
             The game lasted 01:13:32 (26123 turns).

Kohma the Executioner (Hill Orc Berserker)         Turns: 26123, Time: 01:13:33

Health: -18/133    AC: 26    Str: 32    XL:     15   Next: 40%
Magic:  0/7        EV:  9    Int:  7    God:    Trog [*****.]
Gold:   1658       SH:  0    Dex: 13    Spells: 14/14 levels left

rFire    + + .     SeeInvis .   e - +8 executioner's axe (antimagic)
rCold    + . .     Gourm    .   (shield currently unavailable)
rNeg     . . .     Faith    .   B - +0 plate armour
rPois    .         Spirit   +   I - +1 helmet
rElec    .         Reflect  .   n - scarf {rC+ rF+}
rCorr    .         Harm     .   l - +1 pair of gloves
MR       +++..                  W - +2 pair of boots
Stlth    ..........             T - amulet of Wiergh {Spirit Str+5 Dex+3}
HPRegen  1.32/turn              p - +3 ring of protection
MPRegen  0.10/turn              L - ring of protection from fire

@: regenerating
A: no striking features
a: Berserk, Trog's Hand, Brothers in Arms, Renounce Religion


You were on level 1 of the Orcish Mines.
You worshipped Trog.
Trog was extremely pleased with you.
You were not hungry.

You visited 4 branches of the dungeon, and saw 20 of its levels.
You also visited: Ossuary and Ice Cave.

You collected 1829 gold pieces.
You spent 171 gold pieces at shops.

Inventory:

Hand Weapons
 e - a +8 antimagic executioner's axe (weapon)
 h - a +3 triple crossbow of flaming
 E - a +2 antimagic battleaxe
 G - the +10 trident of Pestilence {pierce, Str+4, unknown}
   (You found it on level 10 of the Dungeon)

   It inflicts extra damage upon your enemies.
   It affects your strength (+4).
 X - a +2 executioner's axe of electrocution
Missiles
 r - 13 atropa-tipped darts
 t - 79 poisoned darts
 H - 14 curare-tipped darts (quivered)
Armour
 l - a +1 pair of gloves (worn)
 n - a scarf of resistance (worn)
 B - a +0 plate armour (worn)
 I - a +1 helmet (worn)
 W - a +2 pair of boots (worn)
Jewellery
 d - an uncursed ring of ice
 p - a +3 ring of protection (left hand)
 u - an uncursed ring of resist corrosion
 J - an uncursed ring of positive energy
 L - a ring of protection from fire (right hand)
 M - an uncursed ring of fire
 T - the amulet of Wiergh (around neck) {Spirit Str+5 Dex+3}
   (You found it on level 6 of the Lair of Beasts)

   [amulet of guardian spirit]

   It causes incoming damage to be split between your health and magic.
   It affects your strength (+5).
   It affects your dexterity (+3).
 U - an uncursed amulet of guardian spirit
Wands
 s - a wand of iceblast (3)
 w - a wand of acid (17)
 y - a wand of polymorph (10)
 C - a wand of disintegration (17)
 O - a wand of digging (4)
 Q - a wand of paralysis (3)
 R - a wand of scattershot (3)
 V - a wand of flame (17)
Scrolls
 a - 2 scrolls of magic mapping
 j - 7 scrolls of teleportation
 k - 3 scrolls of fear
 D - 3 scrolls of remove curse
 F - 2 scrolls of fog
 N - a scroll of holy word
 S - a scroll of immolation
Potions
 b - 10 potions of curing
 f - 2 potions of mutation
 g - 2 potions of might
 i - 3 potions of haste
 m - a potion of invisibility {unknown}
 o - 7 potions of lignification
 q - 2 potions of heal wounds
 v - 8 potions of ambrosia
 z - 2 potions of magic {unknown}
 K - a potion of flight {unknown}
 P - a potion of brilliance
Miscellaneous
 A - a sack of spiders
Comestibles
 c - 28 rations
 x - 16 chunks of flesh


   Skills:
 - Level 12.2 Fighting
 * Level 23.8 Axes
 + Level 11.4 Armour
 - Level 1.5 Dodging
 - Level 10.0 Evocations


You had 14 spell levels left.
You didn't know any spells.
Your spell library was empty.

Dungeon Overview and Level Annotations

Branches:
Dungeon (12/15)            Temple (1/1) D:6            Lair (6/6) D:9
 Shoals (0/4) Lair:3       Spider (0/4) Lair:2        Slime (0/5) Lair:6
    Orc (1/2) D:12        Ossuary (visited)           IceCv (visited)

Altars:
Ashenzari
Cheibriados
Dithmenos
Elyvilon
Fedhas
Gozag
Hepliaklqana
Kikubaaqudgha
Makhleb
Nemelex Xobeh
Okawaru
Qazlal
Ru
Sif Muna
Trog
Uskayaw
Vehumet
Wu Jian
Xom
Yredelemnul
Zin
The Shining One
Jiyva

Shops:
D:6 *[(%:   D:10 (%   Orc:1 ?

Annotations:
D:7 3 runed translucent doors, Enish's ghost, novice FoCK
D:12 exclusion: 4 oklob plants
Lair:6 1 runed translucent door, exclusion: door


Message History

The stone giant hits you!
* * * LOW HITPOINT WARNING * * *
You completely miss the stone giant.
The stone giant is severely wounded.
The stone giant closely misses you.
You feel much better. The stone giant hits you.
* * * LOW HITPOINT WARNING * * *
You hit the stone giant.
The stone giant is severely wounded.
The stone giant hits you!!
* * * LOW HITPOINT WARNING * * *
Evoke which item? (* to show all) (? for menu, Esc to quit)
Aiming: Corrosive Bolt
Press: ? - help, Shift-Dir - straight line, f - stone giant
Aim: a stone giant (severely wounded)
The bolt of acid hits the stone giant!
The stone giant is splashed with acid.
The acid corrodes the stone giant!
The stone giant is almost dead.
The stone giant hits you!!
You die...

#......##.#.... ##
##.....####.....
##..#...# ..... #.
##...#....# #. ...#
#(#.......#
..^..#.##.#.#....
#.......(#####.#...
#........(#.#.....#
##........@..#
......##..C..#
#...###.......#
.... ##......# #..
.....### #.....#
...$..# .......#


You could see a stone giant.

Vanquished Creatures
  A white draconian (IceCv)
  Snorg (D:11)
  Harold (D:7)
  6 hydras
  Erica (D:10)
  3 catoblepae (Lair:6)
  3 two-headed ogres (D:12)
  8 death yaks
  Sonja (Lair:6)
  2 lindwurms (Lair:5)
  3 unseen horrors (D:12)
  2 orc knights (Orc:1)
  An orc sorcerer (Orc:1)
  2 manticores (Lair:6)
  2 ugly things (D:12)
  2 oklob plants (Lair:3)
  2 cyclopes
  7 elephants
  An ice statue (IceCv)
  3 black mambas
  Psyche (D:11)
  A demonic crawler (Lair:2)
  9 spiny frogs
  3 kobold demonologists
  3 rime drakes
  8 komodo dragons
  6 trolls
  13 polar bears (IceCv)
  A hornet (Lair:5)
  Prince Ribbit (D:8)
  5 slime creatures (D:12)
  6 hippogriffs
  13 blink frogs
  A shadow (D:12)
  A vampire (D:11)
  2 wyverns
  75 yaks
  2 basilisks
  3 hungry ghosts
  A warg (Orc:1)
  A soldier ant (D:11)
  An acid dragon (D:11)
  16 water moccasins
  15 porcupines
  8 sky beasts
  3 ice beasts
  13 orc warriors
  2 phantoms
  3 necrophages
  A black bear (D:8)
  A hornet zombie (D:8)
  25 wolves
  7 centaurs
  14 ogres
  9 crocodiles
  9 big kobolds
  20 bullfrogs
  2 gnoll sergeants (D:12)
  A wyvern zombie (D:6)
  A wyvern skeleton (D:9)
  8 scorpions
  9 killer bees
  15 wights
  A howler monkey (D:10)
  6 crimson imps
  A bullfrog zombie (D:12)
  5 centaur zombies
  8 hounds
  6 jellies
  4 orc priests
  A gnoll shaman (D:4)
  5 centaur skeletons
  3 bullfrog skeletons
  12 worker ants
  An iguana (D:11)
  19 orc wizards
  4 big kobold zombies (Ossuary)
  A centaur simulacrum (D:9)
  5 mummies (Ossuary)
  7 gnolls
  2 worker ant zombies
  11 adders
  A howler monkey skeleton (D:7)
  A shadow imp (D:8)
  2 white imps (D:9)
  An ufetubus (D:9)
  6 oozes
  3 adder skeletons
  An adder zombie (D:7)
  3 worms
  4 leopard geckos
  64 orcs
  A ball python (D:2)
  10 bats
  5 giant cockroaches
  7 goblins
  6 hobgoblins
  19 jackals
  24 kobolds
  3 quokkas
  6 frilled lizards
  4 hobgoblin zombies (Ossuary)
  A jackal skeleton (D:7)
  A leopard gecko zombie (D:9)
  2 rats
  7 fungi
  4 plants
679 creatures vanquished.

Vanquished Creatures (collateral kills)
  A hydra (Lair:5)
  A death yak (IceCv)
  3 polar bears (IceCv)
  A yak (IceCv)
  A crocodile (Lair:3)
7 creatures vanquished.

Vanquished Creatures (others)
  4 plants
4 creatures vanquished.

Grand Total: 690 creatures vanquished

Notes
Turn   | Place    | Note
-------+----------+-------------------------------------------
     0 | D:1      | Kohma the Hill Orc Berserker began the quest for the Orb.
     0 | D:1      | Reached XP level 1. HP: 19/19 MP: 1/1
   182 | D:1      | Reached XP level 2. HP: 27/27 MP: 2/2
  1001 | D:1      | Reached XP level 3. HP: 33/33 MP: 3/3
  1424 | D:2      | Reached skill level 5 in Axes
  1747 | D:2      | Reached XP level 4. HP: 32/40 MP: 4/4
  2157 | D:2      | Reached ** piety under Trog
  2688 | D:3      | Reached XP level 5. HP: 22/47 MP: 5/5
  2995 | D:3      | Reached skill level 6 in Axes
  3646 | D:4      | Reached skill level 5 in Fighting
  3646 | D:4      | Reached XP level 6. HP: 46/56 MP: 6/6
  3928 | D:4      | Reached skill level 7 in Axes
  4224 | D:4      | Reached *** piety under Trog
  4415 | D:4      | Reached XP level 7. HP: 61/61 MP: 7/7
  4704 | D:5      | Entered Level 5 of the Dungeon
  4759 | D:5      | Reached skill level 8 in Axes
  4920 | D:5      | Found a sand-covered staircase.
  4942 | Ossuary  | Entered an ossuary
  5045 | Ossuary  | Reached skill level 5 in Armour
  5061 | Ossuary  | Reached skill level 9 in Axes
  5065 | Ossuary  | Reached XP level 8. HP: 62/71 MP: 8/8
  5758 | D:6      | Found Paufiy's Book Boutique.
  5784 | D:6      | Found a staircase to the Ecumenical Temple.
  5818 | Temple   | Entered the Ecumenical Temple
  6136 | D:6      | Found Qelim's Food Boutique.
  6276 | D:6      | Found Cyhokenk's Armour Emporium.
  6312 | D:6      | Reached skill level 10 in Axes
  6334 | D:6      | Reached **** piety under Trog
  6543 | D:6      | Found Egobaed's Assorted Antiques.
  6584 | D:6      | Reached skill level 11 in Axes
  7025 | D:6      | Found Kevale's Antique Weapon Emporium.
  7029 | D:6      | Bought a glowing battleaxe for 171 gold pieces
  7139 | D:6      | Reached XP level 9. HP: 81/81 MP: 9/9
  7376 | D:7      | Reached skill level 12 in Axes
  7701 | D:7      | Found a runed translucent gate.
  7701 | D:7      | Found a runed translucent gate.
  7701 | D:7      | Found a runed translucent gate.
  7719 | D:7      | Noticed Enish's ghost (novice FoCK)
  7941 | D:7      | Noticed Harold
  7954 | D:7      | Killed Harold
  7954 | D:7      | Reached skill level 13 in Axes
  8002 | D:7      | Reached XP level 10. HP: 64/92 MP: 10/10
  8011 | D:7      | Reached skill level 14 in Axes
  8238 | D:7      | Reached skill level 10 in Fighting
  8899 | D:8      | Noticed Prince Ribbit
  9520 | D:8      | Reached ***** piety under Trog
  9621 | D:8      | Killed Prince Ribbit
  9621 | D:8      | Reached skill level 15 in Axes
  9720 | D:9      | Reached skill level 1 in Evocations
  9896 | D:9      | Received a gift from Trog
 10063 | D:9      | Found a staircase to the Lair.
 10093 | D:9      | Found an opulent altar of Gozag.
 10129 | D:9      | Reached skill level 16 in Axes
 10209 | D:9      | Reached XP level 11. HP: 94/99 MP: 13/13
 10788 | D:10     | Entered Level 10 of the Dungeon
 10848 | D:10     | Got a faintly glowing trident
 11316 | D:10     | Found Faqic's Food Boutique.
 11412 | D:10     | Reached skill level 17 in Axes
 11423 | D:10     | Reached skill level 5 in Evocations
 11772 | D:10     | Found Refats's Weapon Shop.
 11869 | D:11     | Noticed a cyclops
 11892 | D:11     | Killed a cyclops
 12093 | D:11     | Noticed Psyche
 12097 | D:11     | Killed Psyche
 12341 | D:11     | Reached skill level 18 in Axes
 12827 | D:11     | Noticed Snorg
 12832 | D:11     | Reached XP level 12. HP: 106/106 MP: 16/16
 12842 | D:11     | Killed Snorg
 12978 | D:10     | Noticed Erica
 12986 | D:10     | Killed Erica
 13023 | Lair:1   | Entered Level 1 of the Lair of Beasts
 13052 | Lair:1   | Found a frozen archway.
 13059 | IceCv    | Entered an ice cave
 13123 | IceCv    | Received a gift from Trog
 13297 | IceCv    | Reached skill level 19 in Axes
 13575 | IceCv    | Reached ****** piety under Trog
 13986 | IceCv    | Reached skill level 20 in Axes
 14230 | IceCv    | Noticed a death yak
 14230 | IceCv    | Noticed a white draconian
 14239 | IceCv    | Killed a death yak
 14242 | IceCv    | Killed a white draconian
 14244 | IceCv    | Reached XP level 13. HP: 40/113 MP: 18/20
 14572 | Lair:1   | Reached skill level 10 in Evocations
 15163 | Lair:1   | Received a gift from Trog
 15983 | Lair:2   | Found a hole to the Spider Nest.
 17508 | Lair:3   | Identified a scroll of acquirement
 17537 | Lair:3   | Found a staircase to the Shoals.
 17916 | Lair:4   | HP: 1/117 [yak (7)]
 18221 | Lair:4   | Reached skill level 21 in Axes
 18249 | Lair:4   | Received a gift from Trog
 18300 | Lair:4   | Reached XP level 14. HP: 59/125 MP: 7/21
 21220 | Lair:6   | Entered Level 6 of the Lair of Beasts
 21371 | Lair:6   | Noticed Sonja
 21377 | Lair:6   | Killed Sonja
 21377 | Lair:6   | Reached skill level 22 in Axes
 21647 | Lair:6   | Reached skill level 10 in Armour
 22009 | Lair:6   | Found a runed translucent door.
 22322 | Lair:6   | Noticed an acid blob
 22325 | Lair:6   | Found a viscous altar of Jiyva.
 22326 | Lair:6   | Found a staircase to the Slime Pits.
 22326 | Lair:6   | Noticed an acid blob
 23076 | Lair:6   | Received a gift from Trog
 23259 | Lair:6   | Reached skill level 23 in Axes
 23449 | Lair:6   | Reached XP level 15. HP: 121/133 MP: 7/22
 23535 | Lair:6   | Got a smoking ivory amulet
 23540 | Lair:6   | Identified the amulet of Wiergh {Spirit Str+5 Dex+3} (You
                  | found it on level 6 of the Lair of Beasts)
 24774 | D:12     | Paralysed by a floating eye for 2 turns
 25285 | D:12     | Found a staircase to the Orcish Mines.
 25768 | Orc:1    | Entered Level 1 of the Orcish Mines
 25824 | Orc:1    | Received a gift from Trog
 26041 | Orc:1    | Found Tesauz's Magic Scroll Shoppe.
 26123 | Orc:1    | Demolished by a stone giant

Levels and vault maps discovered:
D:1:      matt_arrival_refuge, layout_basic, palyth_stone_intersect
D:2:      minmay_skewed_foursquare, layout_basic
D:3:      lemuel_upstairs_altar, layout_basic
D:4:      layout_layer_cave, first_ration
D:5:      layout_loops_ring, enter_ossuary_1, abandoned_shop,
          grunt_decor_resistance
D:6:      layout_basic, temple_statues, serial_shops, shop, shop, shop,
          nicolae_shop_statue_plus, nicolae_shop_trees
D:7:      layout_basic, gammafunk_ghost_icy, grunt_decor_mini_mirrors,
          abandoned_shop, uniq_harold
D:8:      layout_loops_corners, hangedman_little_slice_of_home,
          uniq_prince_ribbit1
D:9:      layout_basic, grunt_gozag_breadcrumbs, lair_entry_dummy, serial_ice,
          serial_ice_h, serial_ice_b, serial_ice_j, serial_ice_e
D:10:     layout_loops_corners, serial_shops, nicolae_shop_stone,
          nicolae_shop_waterfront, uniq_erica
D:11:     layout_roguey, uniq_psyche, uniq_snorg
D:12:     layout_layer_cave, kennysheep_orc_monster_closet_entryway,
          disabler_island
Temple:   roderic_octagonal_lattice_temple
Lair:1:   layout_long_grid, portal_ice_cave_entry_pillars_2,
          beast_lair_carwin_10, serial_bayou_shore_b
Lair:2:   layout_gridlike, nicolae_spider_entry_non_spiders,
          infiniplex_staircase_pool_2
Lair:3:   layout_gridlike, elwin_shoals_entry_rocks, minmay_lair_oklob_chamber
Lair:4:   layout_layer_cave
Lair:5:   cheibrodos_lair_overgrown_chateau, layout_regular_city
Lair:6:   evilmike_catoblepas_cave, layout_regular_city, slime_altar_2,
          uniq_sonja
Orc:1:    layout_diamond_mine, basic_altar, serial_shops, shop

Skill      XL: |  1  2  3  4  5  6  7  8  9 10 11 12 13 14 15 |
---------------+----------------------------------------------+-----
Fighting       | 4 5 6 8 9 10 11 12 | 12.2
Axes           | 5 6 7 9 11 13 16 18 20 21 23 | 23.8
Armour         | 3 4 5 6 8 10 11 | 11.4
Evocations     | 3 6 9 10 | 10.0
Dodging        | |  1.5

Action                   |  1- 3 |  4- 6 |  7- 9 | 10-12 | 13-15 || total
-------------------------+-------+-------+-------+-------+-------++-------
Melee: Hand axe          |   139 |   247 |   285 |       |       ||   671
       Battleaxe         |       |       |    88 |   689 |    53 ||   830
       Executioner's axe |       |       |       |       |   577 ||   577
Throw: Dart              |       |       |       |       |     6 ||     6
Invok: Berserk           |       |     2 |     4 |     2 |     1 ||     9
       Trog's Hand       |       |     1 |     1 |     1 |     4 ||     7
       Brothers in Arms  |       |       |       |     1 |     1 ||     2
Evoke: Wand              |       |       |       |       |    23 ||    23
  Use: Scroll            |       |     5 |     8 |     6 |    17 ||    36
       Potion            |       |       |       |       |     1 ||     1
  Eat: Chunk             |     3 |    11 |    13 |    24 |    19 ||    70
       Ration            |       |       |     3 |     1 |     7 ||    11
Armor: Animal skin       |    12 |       |       |       |       ||    12
       Chain mail        |    68 |   177 |   198 |     5 |       ||   448
       Plate armour      |       |       |       |   441 |   532 ||   973
Dodge: Dodged            |    75 |   108 |   124 |   217 |   289 ||   813

Table legend:
 A = Non-vault XP
 B = Vault XP
 C = Vault XP percentage of total XP
 D = Non-vault monster count
 E = Vault monster count
 F = Vault count percentage of total count
                 A         B        C        D         E       F
            +---------+---------+-------+---------+---------+-------
      Total |   66217 |   37515 |  36.2 |     490 |     185 |  27.4
            +---------+---------+-------+---------+---------+-------
        D:1 |      40 |       0 |   0.0 |      20 |       0 |   0.0
        D:2 |      66 |      10 |  13.2 |      19 |       6 |  24.0
        D:3 |      77 |       0 |   0.0 |      21 |       0 |   0.0
        D:4 |     487 |       0 |   0.0 |      26 |       0 |   0.0
        D:5 |     233 |       0 |   0.0 |      15 |       0 |   0.0
        D:6 |    1274 |       0 |   0.0 |      28 |       0 |   0.0
        D:7 |    1680 |    1013 |  37.6 |      29 |       1 |   3.3
        D:8 |    1074 |     438 |  29.0 |      20 |       9 |  31.0
        D:9 |    2560 |     909 |  26.2 |      30 |       9 |  23.1
       D:10 |    2930 |     944 |  24.4 |      37 |       1 |   2.6
       D:11 |    5221 |    1576 |  23.2 |      50 |       2 |   3.8
       D:12 |   10373 |    1845 |  15.1 |      36 |      20 |  35.7
     Lair:1 |    4046 |    1045 |  20.5 |      19 |       9 |  32.1
     Lair:2 |    3446 |     628 |  15.4 |      19 |       8 |  29.6
     Lair:3 |    4836 |    1624 |  25.1 |      10 |       4 |  28.6
     Lair:4 |    7193 |       0 |   0.0 |      29 |       0 |   0.0
     Lair:5 |    8156 |    4570 |  35.9 |      32 |      18 |  36.0
     Lair:6 |    9209 |   10323 |  52.9 |      20 |      24 |  54.5
      Orc:1 |    3316 |       0 |   0.0 |      30 |       0 |   0.0
    Ossuary |       0 |     382 | 100.0 |       0 |      17 | 100.0
      IceCv |       0 |   12208 | 100.0 |       0 |      57 | 100.0
            +---------+---------+-------+---------+---------+-------
